 Dungeon Crawl Stone Soup version 0.29.1-15-g9cfb28693d (console) character file.

Game seed: 3269896666038801887

88 erker the Vexing (level 4, -9/32 HPs)
             Began as a Formicid Arcane Marksman on Apr 16, 2023.
             Was an Initiate of Cheibriados.
             Mangled by a mummy (18 damage)
             ... in an ossuary.
             The game lasted 00:04:55 (3647 turns).

erker the Vexing (Formicid Arcane Marksman)         Turns: 3647, Time: 00:04:55

Health: -9/32      AC:  3    Str: 16    XL:     4   Next: 81%
Magic:  5/5        EV: 12    Int: 15    God:    Cheibriados [......]
Gold:   121        SH:  0    Dex: 15    Spells: 0/5 levels left

rFire   . . .      SeeInvis +   a - +1 sling
rCold   . . .      Faith    .   (no shield)
rNeg    . . .      Spirit   .   m - +0 robe {Archmagi}
rPois   .          Reflect  .   (helmet unavailable)
rElec   .          Harm     .   (no cloak)
rCorr   .          Rampage  .   (no gloves)
Will    .....      Archmagi +   d - +0 pair of boots
Stlth   +.........              (no amulet)
HPRegen 0.10/turn               (no ring)
MPRegen 0.09/turn               (no ring)

@: flying, very slow
A: permanent stasis, dig shafts and tunnels, antennae 3, four strong arms
a: Dig, Renounce Religion


You were in an ossuary.
You worshipped Cheibriados.
Cheibriados was noncommittal.
You visited 1 branch of the dungeon, and saw 4 of its levels.
You also visited: Ossuary.

You collected 121 gold pieces.

Inventory:

Hand Weapons
 a - a +1 sling (weapon)
Missiles
 h - 3 poisoned darts
Armour
 c - a +0 robe
 d - a +0 pair of boots (worn)
 m - a +0 robe of the Archmagi (worn)
Jewellery
 f - an amulet of faith
Scrolls
 b - 3 scrolls of poison
 e - 3 scrolls of teleportation {unknown}
 g - a scroll of identify {unknown}
 j - a scroll of magic mapping {unknown}
Potions
 i - a potion of flight
 k - a potion of curing {unknown}
 l - a potion of degeneration {unknown}
 n - a potion of brilliance {unknown}


   Skills:
 - Level 1.1 Fighting
 * Level 4.0 Ranged Weapons
 - Level 1.7 Dodging
 - Level 1.1 Spellcasting
 + Level 4.6 Hexes


You couldn't memorise any spells.
You knew the following spells:

 Your Spells              Type           Power      Damage    Failure   Level
a - Slow                  Hex            88%        N/A       3%          1
f - Cause Fear            Hex            11%        N/A       36%         4

Your spell library contained the following spells:

 Spells                   Type           Power      Damage    Failure   Level
 Sting                    Tmut/Pois      4%         1d3       24%         1
 Dazzling Flash           Conj/Hex       22%        N/A       28%         3
 Inner Flame              Hex/Fire       11%        N/A       28%         3
 Portal Projectile        Hex/Tloc       22%        N/A       28%         3
 Iskenderun's Mystic Bla  Conj/Tloc      1%         2d3       94%         4
 Olgreb's Toxic Radiance  Pois           1%         N/A       94%         4
 Starburst                Conj/Fire      0%         6d3       100%        6
 Malign Gateway           Summ/Tloc      0%         N/A       100%        7
 Summon Hydra             Summ           0%         N/A       100%        7


Dungeon Overview and Level Annotations

Branches:
Dungeon (4/15)            Ossuary (1/1)
 Temple: D:4-7

Altars:
Cheibriados
Yredelemnul


Innate Abilities, Weirdness & Mutations

You cannot be hasted, slowed, berserked, paralysed or teleported.
You can dig through walls and to a lower floor.
You have a pair of large antennae on your head. (SInv)
Your four strong arms can wield two-handed weapons with a shield.


Message History

The orc zombie barely misses you.
You shoot a sling bullet. The sling bullet hits the orc zombie.
The orc zombie is severely damaged.
The mummy barely misses you.
The orc zombie hits you but does no damage.
You shoot a sling bullet. The sling bullet hits the orc zombie!
You destroy the orc zombie!
Cheibriados appreciates the change of pace.
The mummy completely misses you.
A mummy comes into view.
The mummy hits you.
Your Ranged Weapons skill increases to level 4!
You shoot a sling bullet.
The sling bullet hits the mummy but does no damage.
The mummy misses you. The mummy closely misses you. The mummy hits you.
You shoot a sling bullet.
The sling bullet hits the mummy but does no damage.
You shoot a sling bullet. The sling bullet hits the mummy.
The mummy is lightly damaged.
The mummy misses you. The mummy barely misses you. The mummy hits you!
* * * LOW HITPOINT WARNING * * *
The orc zombie hits you but does no damage.
A hobgoblin zombie comes into view.
You are too injured to fight recklessly!
You are too injured to fight recklessly!
You aren't carrying any items that you can evoke.
Unknown command.
Unknown command.
Unknown command.
Unknown command.
Unknown command.
Unknown command.
Unknown command.
Unknown command.
Unknown command.
It was a potion of flight.
You feel very buoyant.
You fly up into the air.
The mummy hits you!!
Ouch! That really hurt!
You die...

#..Z.#
#....#
#M...#
#....#
#....#
#.Z..#
#MMM.#
#.@Z.#
######


You could see 4 mummies, a hobgoblin zombie (wandering), a gnoll zombie and an
orc zombie.

Vanquished Creatures
  2 adders
  4 worms
  A dart slug (D:2)
  An orc (D:3)
  A bat (D:3)
  4 endoplasms
  2 giant cockroaches (D:3)
  8 goblins
  4 hobgoblins
  2 jackals (D:2)
  3 quokkas
  5 ball pythons
  A frilled lizard (D:1)
  A gnoll zombie (Ossuary)
  A hobgoblin zombie (Ossuary)
  5 kobolds
  A kobold zombie (Ossuary)
  2 orc zombies (Ossuary)
  5 rats
53 creatures vanquished.

Notes
Turn   | Place    | Note
-------+----------+-------------------------------------------
     0 | D:1      | erker the Formicid Arcane Marksman began the quest for the
                  | Orb.
     0 | D:1      | Reached XP level 1. HP: 15/15 MP: 2/2
   267 | D:1      | Reached XP level 2. HP: 21/21 MP: 3/3
   945 | D:2      | Found a basalt altar of Yredelemnul.
  1218 | D:2      | Reached XP level 3. HP: 25/25 MP: 4/4
  1763 | D:2      | Reached XP level 4. HP: 18/32 MP: 5/5
  1768 | D:2      | Learned a level 4 spell: Cause Fear
  2903 | D:3      | Got the Atlas of the Stinger and the Retinue
  3418 | D:3      | Found a snail-covered altar of Cheibriados.
  3447 | D:3      | Became a worshipper of Cheibriados the Contemplative
  3529 | D:4      | Found a sand-covered staircase.
  3594 | Ossuary  | Entered an ossuary
  3647 | Ossuary  | Mangled by a mummy

Illustrated notes

Levels and vault maps discovered:
D:1:      noname_arrival_rooms_in_the_neighbourhood, layout_basic, st_stairs_6,
          feat_on_display
D:2:      layout_basic, basic_altar, grunt_ministairs_14
D:3:      layout_basic, chei_slow_surprise, kennysheep_nondescript
D:4:      layout_loops_corners, nicolae_overflow_crystal_walls,
          grunt_gozag_statues, lightli_temple_of_fire,
          nicolae_ossuary_entry_monument, uniq_grinder, uniq_edmund
Ossuary:  ossuary_tomb_3

Skill      XL: |  1  2  3  4 |
---------------+-------------+-----
Hexes          | 4 |  4.6
Ranged Weapons | 3 4 |  4.0
Fighting       | |  1.1
Dodging        | |  1.7
Spellcasting   | |  1.1

Action                   |  1- 3 |  4- 6 || total
-------------------------+-------+-------++-------
 Fire: Sling             |   125 |   106 ||   231
 Cast: Slow              |     2 |     4 ||     6
  Use: Potion            |       |     1 ||     1
Armor: Robe              |     8 |     8 ||    16
Dodge: Dodged            |    32 |    30 ||    62
